 Dungeon Crawl Stone Soup version 0.30-a0-778-g2ef04afb54 (webtiles) character file.

Game seed: 12846203480253194855

536 Leeroy the Slasher (level 7, -8/34 HPs)
             Began as a Vine Stalker Warper on Feb 15, 2023.
             Was an Initiate of Wu Jian.
             Mangled by Edmund
             ... wielding a +3 heavy flail
              (11 damage)
             ... on level 4 of the Dungeon.
             The game lasted 00:03:06 (3204 turns).

Leeroy the Slasher (Vine Stalker Warper)            Turns: 3204, Time: 00:03:07

Health: -8/34      AC: 12    Str: 13    XL:     7   Next: 25%
Magic:  0/11       EV:  3    Int: 13    God:    Wu Jian [......]
Gold:   186        SH:  0    Dex: 22    Spells: 1/10 levels left

rFire   . . .      SeeInvis .    a - +0 falchion
rCold   . . .      Faith    .    (no shield)
rNeg    . . .      Spirit   +    n - +0 plate armour
rPois   .          Reflect  .    m - +0 helmet
rElec   .          Harm     .    u - +0 cloak
rCorr   .          Rampage  .    (no gloves)
Will    .....                    (no boots) Stlth
                                 (no amulet)
HPRegen 1.05/turn                o - +6 ring of dexterity
MPRegen 0.12/turn                (no ring)

@: no status effects
A: fangs 2, regeneration 1, magic shield, antimagic bite, no potion heal 2
a: Renounce Religion


You were on level 4 of the Dungeon.
You worshipped Wu Jian.
Wu Jian was noncommittal.
You visited 2 branches of the dungeon, and saw 5 of its levels.

You collected 186 gold pieces.

Inventory:

Hand Weapons
 a - a +0 falchion (weapon)
 q - a +3 dagger
 r - a +0 rapier
Missiles
 d - 7 boomerangs of dispersal (quivered)
Armour
 b - a +0 leather armour
 m - a +0 helmet (worn)
 n - a +0 plate armour (worn)
 u - a +0 cloak (worn)
Jewellery
 o - a +6 ring of dexterity (left hand)
 s - a ring of ice
Scrolls
 c - a scroll of blinking
 f - 4 scrolls of identify {unknown}
 k - a scroll of brand weapon {unknown}
 p - a scroll of poison {unknown}
 t - 3 scrolls of vulnerability {unknown}
Potions
 e - a potion of brilliance {unknown}
 g - a potion of haste {unknown}
 h - a potion of mutation {unknown}
 i - 3 potions of heal wounds {unknown}
 j - a potion of curing
 l - a potion of lignification {unknown}
 v - a potion of magic {unknown}


   Skills:
 - Level 1.7 Fighting
 + Level 7.1 Long Blades
 - Level 0.8 Throwing
 - Level 0.7 Armour
 - Level 1.5 Dodging
 - Level 2.1 Spellcasting
 - Level 3.0 Translocations


You had one spell level left.
You knew the following spells:

 Your Spells              Type           Power      Damage    Failure   Level
a - Blink                 Tloc           18%        N/A       100%        2
b - Vhi's Electric Charg  Tloc/Air       10%        N/A       100%        3
c - Manifold Assault      Tloc           9%         N/A       100%        4

Your spell library contained the following spells:

 Spells                   Type           Power      Damage    Failure   Level
 Foxfire                  Conj/Fire      4%         2x1d4     100%        1
 Sting                    Tmut/Pois      4%         1d3       100%        1
 Lesser Beckoning         Tloc           18%        N/A       100%        2
 Momentum Strike          Conj/Tloc      10%        3d8       100%        2
 Poisonous Vapours        Pois/Air       2%         N/A       100%        2
 Summon Guardian Golem    Hex/Summ       1%         N/A       100%        3
 Teleport Other           Tloc           9%         N/A       100%        3
 Olgreb's Toxic Radiance  Pois           1%         N/A       100%        4
 Fireball                 Conj/Fire      0%         3d3       100%        5
 Starburst                Conj/Fire      0%         6d3       100%        6
 Orb of Destruction       Conj           0%         9d5       100%        7
 Spellforged Servitor     Conj/Summ      0%         N/A       100%        7


Dungeon Overview and Level Annotations

Branches:
Dungeon (4/15)             Temple (1/1) D:4

Altars:
Ashenzari
Cheibriados
Dithmenos
Makhleb
Ru
Vehumet
Wu Jian
Yredelemnul
The Shining One

Annotations:
D:4 Edmund


Innate Abilities, Weirdness & Mutations

You have extremely sharp teeth.
Your natural rate of healing is unusually fast.
When hurt, damage is shared between your health and your magic reserves.
Your bite disrupts and absorbs the magic of your enemies.
Potions cannot restore your health.


Message History

Edmund is severely wounded.
Edmund hits you with a +3 heavy flail.
You hit Edmund but do no damage. Your bite misses Edmund.
Edmund is severely wounded.
Edmund drinks a potion.
Edmund is healed!
You hit Edmund. You bite Edmund, but do no damage.
Edmund is heavily wounded.
Edmund barely misses you.
You closely miss Edmund. You bite Edmund, but do no damage.
Edmund is heavily wounded.
You closely miss Edmund. You bite Edmund, but do no damage.
Edmund is heavily wounded.
Edmund says, "You wouldn't believe how much I paid for this flail."
Edmund hits you with a +3 heavy flail!
You closely miss Edmund. You bite Edmund. You drain his power.
You feel invigorated.
Edmund is heavily wounded.
You closely miss Edmund.
Edmund is heavily wounded.
Edmund hits you with a +3 heavy flail!
* * * LOW HITPOINT WARNING * * *
You barely miss Edmund.
Edmund is heavily wounded.
Edmund barely misses you.
You closely miss Edmund.
Edmund is heavily wounded.
You hit Edmund. Your bite misses Edmund.
Edmund is severely wounded.
Edmund hits you with a +3 heavy flail.
* * * LOW HITPOINT WARNING * * *
You hit Edmund. You bite Edmund, but do no damage.
Edmund is almost dead.
Edmund hits you with a +3 heavy flail!
* * * LOW HITPOINT WARNING * * *
You hit Edmund but do no damage.
Edmund is almost dead.
You barely miss Edmund. Your bite misses Edmund.
Edmund is almost dead.
Edmund hits you with a +3 heavy flail!
You die...

#...# #.[.........)#....
#..#############.####....
#.......... #.........
##.######## ######.##.
#.# # #.##. #.# .# #....
#.# .# #..## #.# #####.#
#.######..## #.# #..@@#
#........## #.# #.###.#
#.####...... #.###.# .#
##.##### #..)).# .#
##.[.## # ####### #
#.....# # #..)..# #
#.....### #........
####.#.####.


You could see Edmund.

Vanquished Creatures
  Sigmund (D:2)
  2 scorpions (D:4)
  A hound (D:4)
  Jessica (D:2)
  2 iguanas (D:4)
  5 adders
  A shadow imp (D:4)
  A worm (D:2)
  3 dart slugs
  6 orcs
  9 ball pythons
  3 endoplasms
  9 giant cockroaches
  4 hobgoblins
  9 kobolds
  2 quokkas
  5 bats
  5 frilled lizards
  3 goblins
  3 rats
75 creatures vanquished.

Notes
Turn   | Place    | Note
-------+----------+-------------------------------------------
     0 | D:1      | Leeroy the Vine Stalker Warper began the quest for the Orb.
     0 | D:1      | Reached XP level 1. HP: 11/11 MP: 4/4
    79 | D:1      | Reached skill level 2 in Long Blades
   145 | D:1      | Reached XP level 2. HP: 15/15 MP: 6/6
   706 | D:2      | Reached skill level 3 in Long Blades
   761 | D:2      | Reached XP level 3. HP: 18/18 MP: 7/7
   769 | D:2      | Noticed Jessica
   774 | D:2      | Killed Jessica
   832 | D:2      | Gained mutation: Your natural rate of healing is unusually
                  | fast. [Vine Stalker growth]
   832 | D:2      | Reached XP level 4. HP: 23/23 MP: 8/8
   871 | D:2      | Reached skill level 4 in Long Blades
   919 | D:2      | Noticed Sigmund
   932 | D:2      | Killed Sigmund
   933 | D:2      | Reached skill level 5 in Long Blades
   933 | D:2      | Reached XP level 5. HP: 11/26 MP: 3/9
   933 | D:2      | Reached XP level 6. HP: 13/30 MP: 3/10
  1271 | D:2      | Learned a level 2 spell: Blink
  1275 | D:2      | Learned a level 3 spell: Vhi's Electric Charge
  1280 | D:2      | Learned a level 4 spell: Manifold Assault
  2456 | D:4      | Reached skill level 6 in Long Blades
  2463 | D:4      | HP: 1/30 [iguana (7)]
  2567 | D:4      | Found a staircase to the Ecumenical Temple.
  2583 | Temple   | Entered the Ecumenical Temple
  2593 | Temple   | Became a worshipper of the Wu Jian Council
  2923 | D:4      | Reached XP level 7. HP: 34/34 MP: 11/11
  3116 | D:4      | Reached skill level 7 in Long Blades
  3180 | D:4      | Noticed Edmund
  3202 | D:4      | HP: 1/34 [Edmund/+3 heavy flail (7)]
  3204 | D:4      | Mangled by Edmund

Illustrated notes

Levels and vault maps discovered:
D:1:      dpeg_arrival_round_b, layout_basic
D:2:      layout_basic, minmay_pentomino_u2, uniq_sigmund, uniq_jessica
D:3:      layout_loops_ring
D:4:      minmay_opposing_rooms, layout_loops_ring,
          minmay_temple_entry_butterflies, kennysheep_pointless_box,
          chequers_serial_rivers_small_a, uniq_edmund
Temple:   hellmonk_temple_of_storms

Skill      XL: |  1  2  3  4  5  6  7 |
---------------+----------------------+-----
Long Blades    | 2 3 5 6 7 |  7.1
Fighting       | |  1.7
Throwing       | |  0.8
Armour         | |  0.7
Dodging        | |  1.5
Spellcasting   | |  2.1
Translocations | |  3.0

Action                     |  1- 3 |  4- 6 |  7- 9 || total
---------------------------+-------+-------+-------++-------
  Melee: Falchion          |    55 |   127 |    57 ||   239
         Bite              |     7 |    37 |    21 ||    65
         Punch             |       |     1 |     1 ||     2
Ability: Lunge             |       |     4 |     2 ||     6
 Armour: Leather armour    |    19 |    19 |       ||    38
         Plate armour      |       |    45 |    37 ||    82
  Dodge: Dodged            |    35 |    43 |     5 ||    83

Table legend: (Time is in decaauts)
 A = Elapsed time spent in this place.
 B = Non-inter-level travel time spent in this place.
 C = Inter-level travel time spent in this place.
 D = Time resting spent in this place.
 E = Time spent auto-exploring this place.
 F = Levels seen in this place.
 G = Mean time per level.
                   A        B        C        D        E       F      G
               +--------+--------+--------+--------+--------+-----+--------+
         Total |   3211 |   3088 |    123 |      0 |   2548 |   5 |  642.2 |
       Dungeon |   3191 |   3081 |    110 |      0 |   2547 |   4 |  797.8 |
        Temple |     20 |      7 |     13 |      0 |      1 |   1 |   20.0 |
               +--------+--------+--------+--------+--------+-----+--------+

Top non-repeatable levels by time:
     D:2: 957 daAuts
     D:4: 863 daAuts
     D:1: 702 daAuts
     D:3: 668 daAuts
  Temple: 20 daAuts
